 Dungeon Crawl Stone Soup version 0.25.0-10-g039870ee82 (webtiles) character file.

Game seed: 10139468696783677477

123513 mopl the Tainter (level 16, -2/101 HPs)
             Began as an Octopode Venom Mage on June 23, 2020.
             Was the Champion of Vehumet.
             Slain by a spectral dire elephant (8 damage)
             ... called from beyond by a ghost crab
             ... on level 3 of the Abyss.
             The game lasted 01:40:36 (28577 turns).

mopl the Tainter (Octopode Venom Mage)             Turns: 28577, Time: 01:40:37

Health: -2/101     AC:  1    Str:  7    XL:     16   Next: 55%
Magic:  22/31      EV: 20    Int: 30    God:    Vehumet [******]
Gold:   717        SH: 11    Dex: 17    Spells: 3/38 levels left

rFire    . . .     SeeInvis +   a - +0 dagger (protect)
rCold    + . .     Gourm    .   g - +0 kite shield
rNeg     + . .     Faith    .   (helmet restricted)
rPois    .         Spirit   .   i - amulet of the acrobat
rElec    +         Reflect  .   d - +4 ring of evasion
rCorr    +         Harm     .   t - +6 ring of intelligence
MR       ++...                  F - ring of positive energy
Stlth    ++++++++..             B - ring of the Slug {rElec MR- Dex+4 SInv Stlth+}
HPRegen  0.26/turn              x - ring of protection from cold
MPRegen  0.22/turn              Z - ring of protection from magic
                                J - ring of resist corrosion
                                W - ring of protection from magic

@: no status effects
A: almost no armour, stealthy swim, amphibious, 8 rings, constrict 8, camouflage
1, gelatinous body 1
}: 1/15 runes: abyssal
a: Renounce Religion


You were on level 3 of the Abyss.
You worshipped Vehumet.
Vehumet was exalted by your worship.
You were not hungry.

You visited 5 branches of the dungeon, and saw 25 of its levels.
You visited the Abyss 1 time.
You also visited: Gauntlet.

You collected 2834 gold pieces.
You spent 2117 gold pieces at shops.

Inventory:

Hand Weapons
 a - a +0 dagger of protection (weapon)
Missiles
 b - 7 curare-tipped darts
 u - 61 boomerangs (quivered)
 R - a throwing net
Armour
 g - a +0 kite shield (worn)
Jewellery
 d - a +4 ring of evasion (left tentacle)
 i - an amulet of the acrobat (around mantle)
 j - an uncursed amulet of reflection
 t - a +6 ring of intelligence (right tentacle)
 x - a ring of protection from cold (on tentacle)
 B - the ring of the Slug (on tentacle) {rElec MR- Dex+4 SInv Stlth+}
   (You bought it in a shop on level 2 of the Orcish Mines)

   [ring of see invisible]

   It affects your dexterity (+4).
   It insulates you from electricity.
   It affects your resistance to hostile enchantments.
   It lets you see invisible.
   It makes you more stealthy.
 F - a ring of positive energy (on tentacle)
 J - a ring of resist corrosion (on tentacle)
 S - an uncursed ring of flight
 W - a ring of protection from magic (on tentacle)
 Z - a ring of protection from magic (on tentacle)
Wands
 r - a wand of paralysis (20)
 y - a wand of clouds (8)
 C - a wand of acid (20)
 H - a wand of disintegration (8)
 L - a wand of digging (10)
 Q - a wand of iceblast (14)
Scrolls
 h - 5 scrolls of magic mapping
 l - 3 scrolls of fog
 m - 10 scrolls of remove curse
 o - 9 scrolls of teleportation
 A - 5 scrolls of vulnerability
 D - 3 scrolls of fear
 I - 2 scrolls of immolation
 K - 2 scrolls of silence
 P - 2 scrolls of identify
 T - 3 scrolls of summoning
 U - 2 scrolls of blinking
Potions
 e - 5 potions of might
 f - 3 potions of magic
 k - 3 potions of invisibility
 n - 3 potions of cancellation
 p - 17 potions of curing
 q - 4 potions of haste
 s - 7 potions of heal wounds
 v - 4 potions of resistance
 w - 3 potions of brilliance
 z - 4 potions of ambrosia
 G - a potion of berserk rage
 N - 2 potions of stabbing
 X - 3 potions of flight
 Y - 3 potions of lignification
Miscellaneous
 O - a box of beasts
Comestibles
 c - 47 rations


   Skills:
 + Level 6.4 Fighting
 + Level 5.4 Dodging
 - Level 10.0 Stealth
 + Level 11.3 Shields
 * Level 11.6 Spellcasting
 * Level 11.4 Conjurations
 - Level 3.0 Hexes
 + Level 0.4 Translocations
 + Level 5.0 Transmutations
 - Level 10.0 Fire Magic
 - Level 3.0 Air Magic
 - Level 14.0 Poison Magic
 + Level 9.5 Evocations


You had 3 spell levels left.
You knew the following spells:

 Your Spells              Type           Power        Failure   Level  Hunger
a - Sticky Flame          Conj/Fire      ######..     1%          4    None
b - Poisonous Vapours     Pois/Air       ######       1%          2    None
c - Fulminant Prism       Conj/Hex       ######....   1%          4    None
d - Mephitic Cloud        Conj/Pois/Air  ######..     1%          3    None
e - Blink                 Tloc           N/A          6%          2    None
f - Fireball              Conj/Fire      ######....   1%          5    ##.....
g - Ignite Poison         Fire/Tmut/Pois ######..     1%          3    None
h - Inner Flame           Hex/Fire       ######..     1%          3    None
i - Irradiate             Conj/Tmut      ######....   1%          5    ##.....
o - Olgreb's Toxic Radia  Pois           #######.     1%          4    None

Your spell library contained the following spells:

 Spells                   Type           Power        Failure   Level  Hunger
 Freezing Cloud           Conj/Ice/Air   #####.....   26%         6    ####...
 Beastly Appendage        Tmut           #####.       1%          1    None
 Corona                   Hex            #####..      1%          1    None
 Shock                    Conj/Air       ####         1%          1    None
 Sting                    Tmut/Pois      ####         1%          1    None
 Sticks to Snakes         Tmut           #####...     1%          2    None
 Dazzling Flash           Conj/Hex       ######       1%          3    None
 Spider Form              Tmut/Pois      ######....   1%          3    None
 Static Discharge         Conj/Air       ######..     1%          3    None
 Ensorcelled Hibernation  Hex/Ice        ####..       4%          2    None
 Swiftness                Chrm/Air       ####....     4%          2    None
 Confusing Touch          Hex            #####...     4%          3    None
 Tukima's Dance           Hex            #####...     4%          3    None
 Shroud of Golubria       Chrm/Tloc      ###...       7%          2    None
 Gell's Gravitas          Tloc           ###.......   12%         3    None
 Lesser Beckoning         Tloc           ###.......   12%         3    None
 Teleport Other           Tloc           ###.....     12%         3    None
 Recall                   Summ/Tloc      N/A          13%         3    None
 Lightning Bolt           Conj/Air       ######....   1%          5    ##.....
 Airstrike                Air            #####.....   4%          4    None
 Yara's Violent Unravell  Hex/Tmut       #####.....   7%          5    ##.....
 Cause Fear               Hex            #####.....   14%         4    None
 Ice Form                 Ice/Tmut       ####....     17%         4    None
 Blade Hands              Tmut           #####.....   17%         5    ##.....
 Passage of Golubria      Tloc           N/A          36%         4    None
 Silence                  Hex/Air        #####.....   36%         5    ##.....
 Summon Mana Viper        Hex/Summ       ####....     58%         5    ##.....
 Summon Forest            Summ/Tloc      ###.......   77%         5    ##.....
 Aura of Abjuration       Summ           ###.......   80%         5    ##.....
 Summon Demon             Summ           ###.......   80%         5    ##.....
 Shadow Creatures         Summ           N/A          100%        6    ####...
 Discord                  Hex            #####.....   100%        8    #######


Dungeon Overview and Level Annotations

Branches:
Dungeon (15/15)            Temple (1/1) D:5            Lair (6/6) D:10
  Swamp (0/4) Lair:3        Snake (0/4) Lair:2        Slime (0/5) Lair:6
    Orc (2/2) D:12            Elf (1/3) Orc:2        Vaults (0/5) D:14
 Depths (0/5) D:15        Gauntlet (visited)

Altars:
Ashenzari
Cheibriados
Dithmenos
Elyvilon
Fedhas
Gozag
Hepliaklqana
Kikubaaqudgha
Makhleb
Nemelex Xobeh
Okawaru
Qazlal
Ru
Sif Muna
Trog
Uskayaw
Vehumet
Wu Jian
Xom
Yredelemnul
Zin
The Shining One
Beogh
Jiyva

Shops:
D:8 [   Orc:2 ?!=?}

Annotations:
D:3 3 runed translucent doors, Enish's ghost, weakling DDFi
D:11 warning
D:12 3 runed translucent doors, Skimidon's ghost, journeyman MiBe
D:13 exclusion: troll, Snorg
D:15 artefacts
Lair:6 1 runed translucent door : bb fire dragon
Elf:1 Dani's ghost, adept OpAM


Innate Abilities, Weirdness & Mutations

You cannot wear most types of armour.
You are very stealthy in the water. (Stealth+)
You are amphibious.
You can wear up to eight rings at the same time.
You can use your tentacles to constrict eight enemies at once.
Your skin changes colour to match your surroundings (Stealth+).
Your rubbery body absorbs attacks. (AC +1, EV +1)


Message History

The spectral dire elephant barely misses you.
The tentacled monstrosity completely misses you.
The tentacled monstrosity misses you.
The tentacled monstrosity completely misses you. x2
The spectral dire elephant tramples you!!
* * * LOW HITPOINT WARNING * * *
The spectral dire elephant completely misses you.
Unknown command.
You see here an abyssal rune of Zot.
Unknown command.
You pick up the abyssal rune and feel its power.
Press } to see all the runes you have collected.
You feel the abyssal rune guiding you out of this place.
The ghost crab breathes spectral mist at you.
The spectral mist engulfs the shambling mangrove but does no damage.
The shambling mangrove is engulfed in spectral mist.
The spectral dire elephant tramples you!!
* * * LOW HITPOINT WARNING * * *
The spectral dire elephant trunk-slaps you!
You die...

..☼≈≈≈...#...#...
#..°≈≈≈...#.. .#.#
##..≈°☼..##..##...
##§Z≈○.##
####t○≈####
#≈☼t§☼°○≈≈#
#≈≈XfZ≈≈X≈#
##≈§≈Z§≈≈##
####@#### ###


You could see 2 tentacled monstrosities, a shambling mangrove (wandering), a
ghost crab, an apocalypse crab, a spectral seven-headed hydra (summoned), a
spectral five-headed hydra (summoned) and a spectral dire elephant (summoned).

Vanquished Creatures
  A kraken (Abyss:3)
  Kirke (D:13)
  An orc warlord (Orc:1)
  An ironheart preserver (D:14)
  A minotaur (Gauntlet)
  An ettin (Orc:2)
  Fannar (Lair:1)
  An ice dragon (Lair:6)
  3 catoblepae
  Erolcha (D:10)
  A centaur warrior (D:13)
  Erica (D:9)
  3 hydras
  A death knight (D:15)
  15 two-headed ogres
  6 death yaks
  5 ogre magi
  5 tengu warriors
  Urug (D:10)
  An orc high priest (Orc:2)
  A fire crab (Lair:5)
  4 skeletal warriors
  4 unseen horrors
  2 glowing orange brains (Gauntlet)
  3 lindwurms (Lair:6)
  A wizard (Gauntlet)
  A deep elf archer (Elf:1)
  2 oklob plants (Lair:1)
  A deep elf mage (D:15)
  9 ugly things
  An orc knight (Orc:1)
  2 orc sorcerers (Orc:2)
  5 cyclopes
  A wolf spider (D:15)
  5 manticores
  6 elephants (Lair:6)
  Maggie (D:6)
  5 black mambas
  7 torpor snails
  2 gargoyles
  10 komodo dragons
  9 spiny frogs
  4 rime drakes (Lair:6)
  2 freezing wraiths (D:15)
  2 kobold demonologists (D:11)
  A redback zombie (D:15)
  2 efreet (D:15)
  A yaktaur (D:14)
  4 tengu conjurers
  6 trolls
  A harpy zombie (D:14)
  A merfolk (D:10)
  7 hornets (Lair:6)
  4 tyrant leeches (Lair:6)
  28 blink frogs
  2 meliai zombies (D:13)
  6 dream sheep (Lair:6)
  Grinder (D:4)
  8 slime creatures
  Sigmund (D:4)
  6 hippogriffs
  A wraith (D:15)
  A wyvern (D:8)
  A shadow (D:14)
  3 hogs (D:13)
  2 steam dragons
  48 yaks
  4 basilisks
  Grum (D:10)
  2 hungry ghosts
  7 vampire mosquitoes
  Edmund (D:5)
  A warg (Orc:1)
  2 acid dragons
  18 water moccasins
  2 porcupines (Lair:3)
  30 orc warriors
  An eye of draining (D:11)
  3 phantoms
  A black bear (D:12)
  2 ice beasts
  3 necrophages
  7 wolves
  2 sky beasts
  4 boggarts (D:14)
  18 centaurs
  29 ogres
  15 crocodiles
  5 big kobolds
  15 bullfrogs
  A killer bee (D:11)
  5 scorpions
  A water moccasin skeleton (D:8)
  7 wights
  8 electric eels
  7 howler monkeys
  9 crimson imps
  3 centaur zombies
  6 hounds
  24 orc priests
  A quasit (D:6)
  5 centaur skeletons
  4 jellies
  4 iguanas
  25 orc wizards
  11 worker ants
  A killer bee zombie (D:5)
  2 hound zombies
  A hound skeleton (D:10)
  A howler monkey zombie (D:11)
  4 gnolls (D:8)
  A worker ant zombie (D:8)
  20 adders
  5 shadow imps
  3 white imps (Lair:6)
  An adder zombie (D:5)
  2 adder skeletons
  A worm (D:5)
  6 dart slugs
  3 leopard geckos
  105 orcs
  A giant cockroach (D:2)
  4 hobgoblins
  6 jackals
  6 quokkas
  A ball python (Lair:2)
  12 bats
  11 frilled lizards
  9 goblins
  A jackal skeleton (D:6)
  24 kobolds
  A leopard gecko skeleton (D:8)
  3 rats
  5 plants
810 creatures vanquished.

Vanquished Creatures (others)
  14 fulminant prisms
  3 fungi
  3 plants
  4 tentacles (Abyss:3)
24 creatures vanquished.

Grand Total: 834 creatures vanquished

Notes
Turn   | Place    | Note
-------+----------+-------------------------------------------
     0 | D:1      | mopl the Octopode Venom Mage began the quest for the Orb.
     0 | D:1      | Reached XP level 1. HP: 11/11 MP: 3/3
   452 | D:1      | Reached XP level 2. HP: 17/17 MP: 3/5
   659 | D:1      | Learned a level 2 spell: Poisonous Vapours
   824 | D:1      | Reached skill level 4 in Poison Magic
  1239 | D:2      | Reached XP level 3. HP: 21/21 MP: 6/6
  1245 | D:2      | Learned a level 3 spell: Ignite Poison
  1445 | D:2      | Found an opulent altar of Gozag.
  1505 | D:2      | Reached skill level 1 in Shields
  1597 | D:2      | Reached XP level 4. HP: 24/27 MP: 7/7
  1651 | D:2      | Found a glowing golden altar of the Shining One.
  2685 | D:3      | Found a runed translucent gate.
  2686 | D:3      | Found a runed translucent gate.
  2686 | D:3      | Found a runed translucent gate.
  2687 | D:3      | Noticed Enish's ghost (weakling DDFi)
  2885 | D:4      | Reached XP level 5. HP: 31/31 MP: 9/9
  2890 | D:4      | Learned a level 3 spell: Mephitic Cloud
  3095 | D:4      | Reached skill level 1 in Fire Magic
  3095 | D:4      | Reached skill level 1 in Air Magic
  3484 | D:4      | Noticed Sigmund
  3576 | D:4      | Noticed Grinder
  3584 | D:5      | Entered Level 5 of the Dungeon
  3587 | D:5      | Found a stormy altar of Qazlal.
  3616 | D:5      | Noticed Edmund
  3659 | D:5      | Noticed a necrophage
  3744 | D:5      | Reached XP level 6. HP: 7/36 MP: 10/10
  4080 | D:5      | Found a staircase to the Ecumenical Temple.
  4083 | D:5      | Found a bloodstained altar of Trog.
  4091 | Temple   | Entered the Ecumenical Temple
  4130 | Temple   | Became a worshipper of Vehumet
  4186 | D:5      | Found a blossoming altar of Fedhas.
  4193 | D:5      | Found a shattered altar of Ashenzari.
  4193 | D:5      | Found a hazy altar of Hepliaklqana.
  4193 | D:5      | Found a sacrificial altar of Ru.
  4194 | D:5      | Found a shimmering blue altar of Sif Muna.
  4198 | D:5      | Reached skill level 1 in Conjurations
  4203 | D:5      | Found an ornate altar of the Wu Jian Council.
  4205 | D:5      | Found a sparkling altar of Nemelex Xobeh.
  4206 | D:5      | Found a burning altar of Makhleb.
  4241 | D:5      | Found a snail-covered altar of Cheibriados.
  4248 | D:5      | Reached skill level 5 in Poison Magic
  4490 | D:5      | Noticed a sky beast
  4530 | D:5      | Killed a sky beast
  4530 | D:5      | Reached XP level 7. HP: 41/41 MP: 7/12
  4686 | D:5      | Killed Edmund
  4696 | D:5      | Learned a level 4 spell: Olgreb's Toxic Radiance
  5299 | D:6      | Reached XP level 8. HP: 39/46 MP: 7/14
  5338 | D:5      | Reached skill level 6 in Poison Magic
  5530 | D:6      | Reached skill level 1 in Evocations
  5550 | D:6      | Reached * piety under Vehumet
  5550 | D:6      | Offered knowledge of Shock by Vehumet.
  6175 | D:6      | Reached XP level 9. HP: 51/51 MP: 12/16
  6211 | D:6      | Noticed Maggie
  6252 | D:6      | Killed Maggie
  6252 | D:6      | Reached skill level 5 in Spellcasting
  6252 | D:6      | Reached skill level 5 in Transmutations
  6252 | D:6      | Reached skill level 7 in Poison Magic
  6980 | D:7      | Reached skill level 5 in Shields
  6988 | D:6      | Offered knowledge of Sandblast by Vehumet.
  7183 | D:7      | Reached ** piety under Vehumet
  7715 | D:7      | Offered knowledge of Dazzling Flash by Vehumet.
  7715 | D:7      | Reached skill level 8 in Poison Magic
  8148 | D:4      | Paralysed by Grinder for 4 turns
  8154 | D:4      | Killed Grinder
  8154 | D:4      | Reached XP level 10. HP: 30/56 MP: 18/18
  8250 | D:4      | Reached *** piety under Vehumet
  8490 | D:4      | Killed Sigmund
  8590 | D:8      | Noticed a two-headed ogre
  8604 | D:8      | Killed a two-headed ogre
  9046 | D:8      | Reached skill level 9 in Poison Magic
  9128 | D:8      | Noticed a two-headed ogre
  9164 | D:8      | Killed a two-headed ogre
  9455 | D:8      | Found Toirph's Antique Armour Shoppe.
 10200 | D:9      | Offered knowledge of Inner Flame by Vehumet.
 10412 | D:9      | Noticed Erica
 10423 | D:9      | Killed Erica
 10423 | D:9      | Reached skill level 5 in Conjurations
 10423 | D:9      | Reached skill level 10 in Poison Magic
 10423 | D:9      | Reached skill level 5 in Evocations
 10423 | D:9      | Reached XP level 11. HP: 61/61 MP: 4/20
 10780 | D:9      | Learned a level 3 spell: Inner Flame
 10990 | D:9      | Reached **** piety under Vehumet
 11158 | D:10     | Entered Level 10 of the Dungeon
 11174 | D:10     | Offered knowledge of Fulminant Prism by Vehumet.
 11180 | D:10     | Learned a level 4 spell: Fulminant Prism
 11251 | D:10     | Noticed Grum
 11252 | D:10     | Reached skill level 1 in Hexes
 11260 | D:10     | Killed Grum
 11265 | D:10     | Noticed Erolcha
 11352 | D:10     | Noticed Urug
 11358 | D:10     | Killed Urug
 11786 | D:10     | Found a staircase to the Lair.
 11812 | D:10     | Killed Erolcha
 11812 | D:10     | Reached skill level 11 in Poison Magic
 11974 | D:11     | Noticed a tengu warrior
 11975 | D:11     | Noticed a tengu warrior
 11981 | D:11     | Killed a tengu warrior
 11981 | D:11     | Reached skill level 5 in Stealth
 11984 | D:11     | Killed a tengu warrior
 12176 | D:11     | Noticed an ogre mage
 12183 | D:11     | Killed an ogre mage
 12183 | D:11     | Reached XP level 12. HP: 66/66 MP: 4/22
 12446 | D:11     | Reached skill level 5 in Fire Magic
 12708 | D:11     | Noticed a two-headed ogre
 13049 | D:10     | Killed a two-headed ogre
 13092 | D:11     | Noticed a fire dragon
 13252 | Lair:1   | Entered Level 1 of the Lair of Beasts
 14298 | Lair:1   | Noticed a seven-headed hydra
 14502 | Lair:1   | Noticed Fannar
 14998 | D:10     | Reached ***** piety under Vehumet
 15213 | D:11     | Offered knowledge of Sticky Flame by Vehumet.
 15240 | D:10     | Learned a level 4 spell: Sticky Flame
 15294 | D:11     | Reached skill level 12 in Poison Magic
 16025 | D:12     | Reached XP level 13. HP: 56/71 MP: 12/25
 16180 | D:12     | Reached skill level 1 in Fighting
 16307 | D:12     | Found a runed translucent gate.
 16307 | D:12     | Found a runed translucent gate.
 16307 | D:12     | Found a runed translucent gate.
 16320 | D:12     | Noticed Skimidon's ghost (journeyman MiBe)
 16497 | D:12     | Found a staircase to the Orcish Mines.
 17161 | Orc:1    | Entered Level 1 of the Orcish Mines
 17235 | Orc:1    | You fall into a shaft and drop 1 floor!
 17235 | Orc:2    | Entered Level 2 of the Orcish Mines
 17239 | Orc:2    | Offered knowledge of Hailstorm by Vehumet.
 17771 | Orc:1    | Noticed an orc warlord
 17829 | Orc:1    | Killed an orc warlord
 18067 | Orc:2    | Offered knowledge of Fireball by Vehumet.
 18083 | Orc:2    | Learned a level 5 spell: Fireball
 18357 | Orc:2    | Noticed an ettin
 18366 | Orc:2    | Killed an ettin
 18406 | Orc:2    | Found a roughly hewn altar of Beogh.
 18438 | Orc:2    | Found Yphot's Magic Scroll Shop.
 18446 | Orc:2    | Bought a scroll of fear for 49 gold pieces
 18446 | Orc:2    | Bought a scroll of summoning for 133 gold pieces
 18446 | Orc:2    | Bought a scroll of blinking for 105 gold pieces
 18446 | Orc:2    | Bought a scroll of teleportation for 42 gold pieces
 18446 | Orc:2    | Bought a scroll of identify for 28 gold pieces
 18446 | Orc:2    | Bought a scroll of identify for 28 gold pieces
 18446 | Orc:2    | Bought a scroll of identify for 28 gold pieces
 18446 | Orc:2    | Bought a scroll of identify for 28 gold pieces
 18447 | Orc:2    | Found a staircase to the Elven Halls.
 18515 | Orc:1    | Reached skill level 13 in Poison Magic
 18859 | Orc:2    | Reached XP level 14. HP: 65/81 MP: 21/27
 18942 | Orc:2    | Reached skill level 10 in Shields
 19044 | Orc:2    | Found Bozum's Distillery.
 19044 | Orc:2    | Found Gosiuq's Magic Scroll Shoppe.
 19045 | Orc:2    | Found Jelisuhu's Gadget Boutique.
 19045 | Orc:2    | Found Nykhlua's Jewellery Shoppe.
 19240 | Orc:2    | Bought a potion of flight for 30 gold pieces
 19240 | Orc:2    | Bought 2 potions of lignification for 60 gold pieces
 19240 | Orc:2    | Bought a potion of curing for 30 gold pieces
 19240 | Orc:2    | Bought a potion of curing for 30 gold pieces
 19240 | Orc:2    | Bought a potion of curing for 30 gold pieces
 19240 | Orc:2    | Bought a potion of haste for 100 gold pieces
 19240 | Orc:2    | Bought a potion of cancellation for 80 gold pieces
 19241 | Orc:2    | Bought a scroll of enchant armour for 97 gold pieces
 19241 | Orc:2    | Bought a scroll of vulnerability for 97 gold pieces
 19241 | Orc:2    | Bought a scroll of teleportation for 39 gold pieces
 19241 | Orc:2    | Bought a scroll of identify for 26 gold pieces
 19241 | Orc:2    | Bought a scroll of immolation for 45 gold pieces
 19241 | Orc:2    | Bought a scroll of enchant armour for 97 gold pieces
 19243 | Orc:2    | Bought an uncursed ring of protection from magic for 375
                  | gold pieces
 20118 | Lair:2   | Found a staircase to the Snake Pit.
 20217 | Lair:2   | Offered knowledge of Irradiate by Vehumet.
 20700 | Lair:3   | Reached skill level 10 in Spellcasting
 20707 | Lair:3   | Learned a level 5 spell: Irradiate
 20923 | Lair:3   | Found a staircase to the Swamp.
 20980 | Lair:3   | You fall into a shaft and drop 1 floor!
 22586 | Lair:5   | Reached XP level 15. HP: 81/90 MP: 5/29
 22970 | Lair:6   | Entered Level 6 of the Lair of Beasts
 22991 | Lair:6   | Found a viscous altar of Jiyva.
 22992 | Lair:6   | Found a staircase to the Slime Pits.
 23246 | Lair:6   | Reached skill level 14 in Poison Magic
 23326 | Lair:6   | Reached ****** piety under Vehumet
 23326 | Lair:6   | Reached skill level 10 in Conjurations
 23333 | Lair:6   | Offered knowledge of Lee's Rapid Deconstruction by Vehumet.
 23364 | Lair:6   | Reached skill level 10 in Stealth
 23548 | Lair:6   | Reached skill level 5 in Fighting
 24302 | Lair:6   | Found a runed translucent door.
 25011 | Lair:1   | Killed Fannar
 25282 | Orc:2    | Bought the ring of the Slug {rElec MR- Dex+4 SInv Stlth+}
                  | for 540 gold pieces
 25383 | D:13     | Offered knowledge of Starburst by Vehumet.
 25783 | D:13     | Noticed Snorg
 25862 | D:13     | Noticed Kirke
 25875 | D:13     | Killed Kirke
 26346 | D:14     | Reached XP level 16. HP: 75/99 MP: 27/31
 26440 | D:14     | Found a gate to the Vaults.
 26757 | D:14     | Reached skill level 5 in Dodging
 27360 | D:15     | Entered Level 15 of the Dungeon
 27461 | D:15     | Found a gate leading to a gauntlet.
 27490 | Gauntlet | Entered a Gauntlet
 27490 | Gauntlet | Found a transporter.
 27490 | Gauntlet | Found a transporter.
 27491 | Gauntlet | Found a transporter.
 27492 | Gauntlet | Found a transporter.
 27492 | Gauntlet | Found a transporter.
 27493 | Gauntlet | Found a large runed translucent door.
 27494 | Gauntlet | Found a large runed translucent door.
 27495 | Gauntlet | Found a large runed translucent door.
 27495 | Gauntlet | Found a large runed translucent door.
 27495 | Gauntlet | Found a transporter.
 27495 | Gauntlet | Found a runed translucent door.
 27496 | Gauntlet | Found a large runed translucent door.
 27497 | Gauntlet | Found a large runed translucent door.
 27498 | Gauntlet | Found a large runed translucent door.
 27498 | Gauntlet | Found a large runed translucent door.
 27499 | Gauntlet | Found a runed translucent gate.
 27499 | Gauntlet | Found a runed translucent gate.
 27501 | Gauntlet | Found a transporter.
 27503 | Gauntlet | Found a transporter.
 27504 | Gauntlet | Found a transporter.
 27506 | Gauntlet | Found a transporter.
 27514 | Gauntlet | Found a transporter.
 27517 | Gauntlet | Found a transporter.
 27544 | Gauntlet | Found a runed translucent gate.
 27545 | Gauntlet | Found a large runed translucent door.
 27545 | Gauntlet | Found a large runed translucent door.
 27546 | Gauntlet | Found a large runed translucent door.
 27547 | Gauntlet | Found a large runed translucent door.
 27548 | Gauntlet | Found a large runed translucent door.
 27548 | Gauntlet | Found a large runed translucent door.
 27548 | Gauntlet | Found a runed translucent door.
 27549 | Gauntlet | Found a large runed translucent door.
 27550 | Gauntlet | Found a large runed translucent door.
 27799 | Gauntlet | Got a pair of faintly glowing gloves
 27828 | Gauntlet | Got a pair of slimy gloves
 27928 | Gauntlet | Got a translucent longbow
 28258 | Lair:1   | Learned a level 2 spell: Blink
 28383 | Elf:1    | Entered Level 1 of the Elven Halls
 28403 | Elf:1    | Found a bloodstained altar of Trog.
 28403 | Elf:1    | Noticed Dani's ghost (adept OpAM)
 28404 | Elf:1    | Identified the +7 longbow "Rummage" {venom, rPois MR++
                  | Str-4 SInv}
 28404 | Elf:1    | Noticed a deep elf master archer
 28404 | Elf:1    | Noticed a deep elf master archer
 28415 | Elf:1    | Cast into level 2 of the Abyss (a deep elf sorcerer)
 28465 | Abyss:2  | Noticed an Executioner
 28478 | Abyss:2  | Noticed a profane servitor
 28520 | Abyss:2  | Noticed a lich
 28549 | Abyss:3  | Noticed a kraken
 28561 | Abyss:3  | Killed a kraken
 28561 | Abyss:3  | Offered knowledge of Freezing Cloud by Vehumet.
 28561 | Abyss:3  | Reached skill level 10 in Fire Magic
 28572 | Abyss:3  | Noticed a tentacled monstrosity
 28572 | Abyss:3  | Noticed a tentacled monstrosity
 28577 | Abyss:3  | Got an abyssal rune of Zot
 28577 | Abyss:3  | Slain by a spectral dire elephant

Illustrated notes

Levels and vault maps discovered:
D:1:      evilmike_arrival_hilbert_curve, layout_loops_cross
D:2:      layout_basic, tso_oasis_becter, nicolae_overflow_crystal_walls
D:3:      layout_loops_corners, ebering_ghost_rock_garden, serial_bayou_pond_c
D:4:      layout_loops_cross, first_ration, minmay_close_crescents,
          uniq_sigmund, uniq_grinder
D:5:      layout_rooms, kennysheep_slug_shrine, minitemple,
          overflow_temple_1_default, temple_fountains, minmay_fractal_squares_5,
          uniq_edmund
D:6:      layout_loops_ring, serial_bayou, serial_bayou_ford_a,
          serial_bayou_lagoon_a, serial_bayou_pond_b, serial_bayou_shore_a,
          serial_bayou_pond_b, serial_bayou_shore_b, uniq_maggie
D:7:      layout_basic
D:8:      layout_layer_cave, serial_shops, nicolae_shop_trees
D:9:      layout_small_grid, uniq_erica
D:10:     layout_rooms, lair_entry_dummy, hangedman_fish_farm, uniq_grum,
          uniq_erolcha, uniq_urug
D:11:     minmay_ornate_pinched, layout_long_grid, serial_shops,
          nicolae_shop_overgrown_old_shop, grunt_ministairs_3
D:12:     layout_basic, david_orc_4, gammafunk_ghost_necromancy
D:13:     layout_roguey, uniq_kirke, uniq_snorg
D:14:     layout_cave_pools, skrybe_vaults_entry_preservation
D:15:     grunt_enter_depths_magical_seal, layout_small_grid,
          gauntlet_entry_generic, minmay_tree_intersection
Temple:   jpeg_temple_island
Lair:1:   layout_regular_city, dpeg_stationary_puzzle, grunt_megastairs_2,
          serial_bayou_shore_b, infiniplex_staircase_pool,
          minmay_lair_oklob_chamber, lemuel_fruit_tree, uniq_fannar
Lair:2:   layout_misc_corridors, minmay_snake_entry_six_corridors,
          beast_lair_carwin_10, grunt_megastairs_3, infiniplex_staircase_pool_2
Lair:3:   layout_hall_layers, swamp_mist, chequers_serial_rivers_room_b
Lair:4:   nzn_motion_control, layout_loops_ring
Lair:5:   layout_roguey, serial_bayou_shore_b, grunt_megastairs_4
Lair:6:   hangedman_lair_in_review, layout_regular_city, wormcave,
          slime_altar_1, bobbens_ice_dragon_lair, serial_bayou_shore_b
Orc:1:    layout_caves, roderic_batcave, minmay_orc_barracks
Orc:2:    st_orc_ogre_mass, layout_diamond_mine, serial_shops, shop_fountains,
          basic_altar
Elf:1:    layout_geoelf_grid, gammafunk_ghost_wrathful_warriors, minivault_28,
          minivault_16, minivault_14, roderic_lattice_octagonal_star
Abyss:3:  base: Snake:1, bh_abyss_negative, hangedman_illusive_loot,
          evilmike_nicolae_abyss_rune_betentacled_crabyss

Skill      XL: |  1  2  3  4  5  6  7  8  9 10 11 12 13 14 15 16 |
---------------+-------------------------------------------------+-----
Poison Magic   | 4 5 6 8 10 11 12 13 14 | 14.0
Shields        | 1 2 3 4 6 7 8 9 10 11 | 11.3
Transmutations | 2 3 4 5 |  5.0
Spellcasting   | 3 4 5 6 7 8 9 10 11 | 11.6
Fire Magic     | 1 2 3 4 5 6 7 9 10 | 10.0
Air Magic      | 1 2 3 |  3.0
Conjurations   | 1 2 3 5 6 7 9 10 11 | 11.4
Evocations     | 2 3 5 6 7 8 9 |  9.5
Stealth        | 3 5 7 8 9 10 | 10.0
Hexes          | 2 3 |  3.0
Fighting       | 2 4 5 6 |  6.4
Dodging        | 3 4 5 |  5.4
Translocations | |  0.4

Action                   |  1- 3 |  4- 6 |  7- 9 | 10-12 | 13-15 | 16-18 || total
-------------------------+-------+-------+-------+-------+-------+-------++-------
Melee: Unarmed           |    11 |       |       |       |       |       ||    11
       Constrict         |    16 |    31 |    31 |    39 |    36 |    12 ||   165
       Tentacles         |     9 |    25 |    27 |    49 |    36 |    19 ||   165
       Short sword       |    63 |   127 |   128 |    74 |       |       ||   392
       Dagger            |       |       |       |   140 |   189 |    77 ||   406
Throw: Boomerang         |       |       |     1 |     9 |     7 |     1 ||    18
 Cast: Sting             |     8 |    11 |    20 |    35 |       |       ||    74
       Poisonous Vapours |       |     7 |    62 |    38 |    24 |       ||   131
       Ignite Poison     |       |       |    13 |    60 |   128 |    25 ||   226
       Mephitic Cloud    |       |       |     9 |    24 |     5 |     4 ||    42
       Olgreb's Toxic Ra |       |       |    12 |    86 |   156 |    35 ||   289
       Sticky Flame      |       |       |       |     6 |    91 |    34 ||   131
       Fulminant Prism   |       |       |       |     2 |     5 |     7 ||    14
       Fireball          |       |       |       |       |    24 |     8 ||    32
       Irradiate         |       |       |       |       |       |     4 ||     4
Evoke: Wand              |       |       |       |    20 |     5 |       ||    25
  Use: Scroll            |       |     9 |     2 |    14 |     9 |     1 ||    35
       Potion            |       |     1 |     1 |       |       |       ||     2
 Stab: Sleeping          |     5 |     9 |     4 |     3 |     9 |     2 ||    32
       Distracted        |       |       |       |       |     2 |       ||     2
  Eat: Chunk             |     2 |     9 |    14 |    25 |    34 |     7 ||    91
       Ration            |       |       |       |     1 |       |       ||     1
Armor: Skin              |    10 |     7 |     4 |    24 |    19 |    14 ||    78
Dodge: Dodged            |    47 |   100 |   117 |   139 |   193 |    95 ||   691
Block: Kite shield       |       |       |     1 |   115 |   175 |    63 ||   354
       Reflection        |       |       |       |       |     1 |       ||     1
